 Dungeon Crawl Stone Soup version 0.27-a0-1319-geec4fb4e21 (webtiles) character file.

Game seed: 4160826517826362147

21 dickylongcocking the Magician (level 3, 25/25 HPs)
             Began as a Djinni Ice Elementalist on June 21, 2021.
             Was a Follower of Zin.
             Quit the game on level 1 of the Dungeon.
             The game lasted 00:00:40 (1661 turns).

dickylongcocking the Magician (DjIE)                Turns: 1661, Time: 00:00:41

Health: 25/25      AC:  2    Str:  7    XL:     3   Next: 2%
Gold:   39         EV: 12    Int: 17    God:    Zin [*.....] SH:  0 Dex: 13

rFire    + + .     SeeInvis .   (no weapon)
rCold    x . .     Faith    .   (no shield)
rNeg     . . .     Spirit   .   a - +0 robe
rPois    ∞         Reflect  .   (no helmet)
rElec    .         Harm     .   (no cloak)
rCorr    .         Rampage  .   (no gloves)
Will     .....                  (boots unavailable)
Stlth    ++........             (no amulet)
HPRegen  0.08/turn              (no ring)
MPRegen  0.00/turn              (no ring)

@: flying
A: sickness immunity, fire resistance 2, cold vulnerability 1, float, innate
caster, hp casting, extra vitality 1
a: Renounce Religion, Recite, Donate Gold


You were on level 1 of the Dungeon.
You worshipped Zin.
Zin was aware of your devotion.
You visited 1 branch of the dungeon, and saw 1 of its levels.

You collected 43 gold pieces.
You donated 4 gold pieces to Zin.

Inventory:

Armour
 a - a +0 robe (worn)
Jewellery
 c - a +4 ring of protection
Scrolls
 d - a scroll of teleportation {unknown}
Potions
 b - a potion of lignification {unknown}
 e - a potion of heal wounds {unknown}
 f - a potion of might {unknown}


   Skills:
 + Level 0.2 Fighting
 + Level 2.1 Dodging
 + Level 1.6 Stealth
 + Level 3.8 Spellcasting


You couldn't memorise any spells.
You knew the following spells:

 Your Spells              Type           Power      Damage    Failure   Level
a - Freeze                Ice            64%        1d8       3%          1
b - Frozen Ramparts       Ice            32%        1d5       10%         3
c - Ozocubu's Armour      Ice            16%        N/A       10%         3
d - Hailstorm             Conj/Ice       16%        3d6       32%         4
e - Metabolic Englaciati  Hex/Ice        8%         N/A       67%         5
f - Animate Skeleton      Necr           32%        N/A       3%          1
Your spell library was empty.

Dungeon Overview and Level Annotations

Branches:
Dungeon (1/15)

Altars:
Zin

Shops:
D:1 *


Innate Abilities, Weirdness & Mutations

You are immune to sickness and miasma.
You are immune to poison.
Your flesh is very heat resistant. (rF++)
You are vulnerable to cold. (rC-)
You float through the air rather than walking.
You learn spells naturally, not from books.
Your magical power is your life essence.
You have superior vitality. (+4 HP)


Message History

A giant cockroach is nearby!
A giant cockroach is nearby!
The giant cockroach barely misses you.
You closely miss the giant cockroach.
The giant cockroach bites you but does no damage.
Casting: Freeze (safe; 3% risk of failure)
Confirm with . or Enter, or press ? or * to list all spells.
Aiming: Freeze (safe; 3% risk of failure)
Press: ? - help, Shift-Dir - straight line, f - giant cockroach
Aim: a giant cockroach You freeze the giant cockroach.
You kill the giant cockroach!
You have reached level 3!
Your experience leads to an increase in your attributes!
Increase (S)trength, (I)ntelligence, or (D)exterity?
You feel clever.
The power to cast Animate Skeleton wells up from within.
Spell assigned to 'f'.
A bat comes into view.
The bat barely misses you.
A bat is nearby!
A bat is nearby!
A bat is nearby!
You hit the bat but do no damage. The bat hits you but does no damage.
Casting: Freeze (safe; 3% risk of failure)
Confirm with . or Enter, or press ? or * to list all spells.
Aiming: Freeze (safe; 3% risk of failure)
Press: ? - help, Shift-Dir - straight line, f - bat
Aim: a bat You freeze the bat!
You kill the bat!
Casting: Freeze (safe; 3% risk of failure)
Confirm with . or Enter, or press ? or * to list all spells.
You can't see any susceptible monsters within range! (Use Z to cast anyway.) Unknown command.
You see here a bat corpse.
You pay a tithe of 1 gold.
You now have 39 gold pieces (gained 5).
Done exploring.
Done exploring.
Are you sure you want to abandon this character and quit the game? (Confirm with "yes".)

#.##.#.# #.##.#.#
##.##.#.# .#.##.#.#
.#.##.#.##############
.#.##.#.†............#
.#.##.############.###
.#...............#.#
.####.##########@#.#
.# #......# #...#.# .#
######.# #.###.# .#
#.###.# #.# .# #.#...#
#.#
.#########.#.#####.#
...........#.......#
.#################.#
## ###


There were no monsters in sight!

Vanquished Creatures
  A dart slug (D:1)
  A giant cockroach (D:1)
  2 goblins (D:1)
  2 hobgoblins (D:1)
  4 jackals (D:1)
  A ball python (D:1)
  4 bats (D:1)
  A rat (D:1)
16 creatures vanquished.

Notes
Turn   | Place    | Note
-------+----------+-------------------------------------------
     0 | D:1      | dickylongcocking the Djinni Ice Elementalist began the
                  | quest for the Orb.
     0 | D:1      | Reached XP level 1. HP: 15/15 MP: 0/0
    31 | D:1      | Found a faded altar of an unknown god.
    71 | D:1      | Became a worshipper of Zin the Law-Giver
    71 | D:1      | Reached * piety under Zin
   710 | D:1      | Reached XP level 2. HP: 20/21 MP: 0/0
   976 | D:1      | Found Humeceta's General Store.
  1549 | D:1      | Reached XP level 3. HP: 25/25 MP: 0/0
  1549 | D:1      | Learned a level 1 spell: Animate Skeleton
  1661 | D:1      | Quit the game

Illustrated notes

Levels and vault maps discovered:
D:1:      dpeg_arrival_rhombus, layout_basic,
          shapermc_ecumenical_altar_starsandcircs, serial_shops, shop,
          minivault_11

Action                   || total
-------------------------++-------
Melee: Unarmed           ||     8
 Cast: Freeze            ||    27
 Stab: Sleeping          ||     1
Armor: Robe              ||     4
Dodge: Dodged            ||    17

Table legend: (Time is in decaauts)
 A = Elapsed time spent in this place.
 B = Non-inter-level travel time spent in this place.
 C = Inter-level travel time spent in this place.
 D = Time resting spent in this place.
 E = Time spent auto-exploring this place.
 F = Levels seen in this place.
 G = Mean time per level.
                   A        B        C        D        E       F      G
               +--------+--------+--------+--------+--------+-----+--------+
         Total |   1661 |   1661 |      0 |      0 |   1552 |   1 | 1661.0 |
       Dungeon |   1661 |   1661 |      0 |      0 |   1552 |   1 | 1661.0 |
               +--------+--------+--------+--------+--------+-----+--------+

Top non-repeatable levels by time:
     D:1: 1661 daAuts
